Cogmind - Beta 15 @@@ ROGUE MODE // 2025.07.26 @ 23:43:55 Player: bugsniper Result: Destroyed by H-55 Commando with Gauss Rifle Performance ------------- Evolutions (0) 0 Regions Visited (3) 600 Robots Destroyed (23) 115 Value Destroyed (663) 663 Prototype IDs (24) 480 Alien Tech Used (0) 0 Bonus (300) 300 TOTAL SCORE: 2158 Bonus ------- Aligned with FarCom 300 Cogmind --------- Core Integrity 0/250 Matter 171/300 Energy 265/280 System Corruption 3% Temperature Cool (0) Movement Walking (750) Ox9 Location -10/Exiles Parts ------- > --- POWER (1) -------- Heavy Ion Engine > --- PROPULSION (2) --- Aluminum Leg > --- UTILITY (2) ------ Huge Storage Unit Targeting Computer > --- WEAPON (2) ------- AWS/Gauss > --- INVENTORY (25) --- Ion Engine Light Ion Engine Heavy Ion Engine Light Treads Light Treads Aluminum Leg Aluminum Leg Aluminum Leg Wheel Wheel Supersonic Drone Bay (1/1) EM Pulse Gun Guided Plasma Cannon Light Cannon Rocket Launcher Rocket Launcher Rocket Launcher Rocket Launcher Hammer Peak State ------------ > --- POWER ------------ Heavy Ion Engine > --- PROPULSION ------- Aluminum Leg Aluminum Leg > --- UTILITY ---------- Huge Storage Unit Targeting Computer > --- WEAPON ----------- AWS/Gauss > --- INVENTORY -------- Ion Engine Light Ion Engine Heavy Ion Engine Light Treads Light Treads Aluminum Leg Aluminum Leg Aluminum Leg Aluminum Leg Aluminum Leg Wheel Wheel Supersonic Drone Bay EM Pulse Gun Guided Plasma Cannon Light Cannon Rocket Launcher Rocket Launcher Rocket Launcher Rocket Launcher Hammer [Rating: 27] Favorites ----------- Power Heavy Ion Engine Engine Heavy Ion Engine Propulsion Aluminum Leg Leg Aluminum Leg Utility Huge Storage Unit Storage Huge Storage Unit Processor Targeting Computer Weapon Assault Rifle Energy Gun Particle Gun Energy Cannon Guided Plasma Cannon Ballistic Gun Assault Rifle Build | -11 -10 -10 -10 ------- Run | Yrd Mat Min Exi Slots Evolved . | . . . . Power . | . . . . Propulsion . | . . . . Utility . | . . . . Weapon . | . . . . Parts Attached 15 | . 10 . 5 Power 2 | . 2 . . Engine 2 | . 2 . . Core . | . . . . Reactor . | . . . . Propulsion 6 | . 3 . 3 Treads . | . . . . Leg 6 | . 3 . 3 Wheel . | . . . . Hover . | . . . . Flight . | . . . . Utility 2 | . 2 . . Device . | . . . . Storage 1 | . 1 . . Processor 1 | . 1 . . Hackware . | . . . . Protection . | . . . . Artifact . | . . . . Weapon 5 | . 3 . 2 Energy Gun 2 | . 2 . . Energy Cannon 1 | . . . 1 Ballistic Gun 2 | . 1 . 1 Ballistic Cannon . | . . . . Launcher . | . . . . Special Weapon . | . . . . Impact Weapon . | . . . . Slashing Weapon . | . . . . Piercing Weapon . | . . . . Special Melee Weapon . | . . . . Unidentified Prototypes 1 | . 1 . . Parts Lost 6 | . 2 . 4 Power 1 | . 1 . . Propulsion 4 | . . . 4 Utility . | . . . . Weapon 1 | . 1 . . Highest Loss Streak 4 | . 2 . 4 To Critical Strikes . | . . . . Average Backups 16 | . 11 18 20 Power 2 | . 1 3 3 Propulsion 9 | . 7 10 9 Utility . | . . . . Weapon 5 | . 2 5 7 Tool/Special . | . . . . Unused Backups 23 | . 6 . 17 Power 4 | . 1 . 3 Propulsion 6 | . . . 6 Utility 2 | . 1 . 1 Weapon 11 | . 4 . 7 Tool/Special . | . . . . Average Slot Usage (%) 95 | . 92 100 94 Engine 13 | . 13 14 14 Leg 27 | . 28 28 27 Storage 14 | . 14 14 14 Processor 11 | . 7 14 14 Energy Gun 13 | . 16 14 9 Ballistic Gun 11 | . 10 14 10 Peak Build Rating 27 | . 12 12 27 Average Rating 11 | . 8 12 14 On Entrance 9 | 6 6 12 12 Naked Turns . | . . . . Heaviest Build 98 | 13 93 93 98 Greatest Support 20 | 20 20 20 20 Greatest Overweight (x) 9 | . 4 4 9 Average Overweight (x) 3 | . 3 4 4 Largest Inventory Capacity 25 | . 25 25 25 Average Capacity 24 | . 24 25 25 Most Carried 23 | . 19 20 23 Average Carried 16 | . 11 18 20 Final Capacity 25 | 8 25 25 25 Final Carried 20 | 6 18 20 19 Class Distribution -------------------- 100% | Mutant Dominant Class ---------------- Mutant | -10/Materials Mutant | -10/Mines Mutant | -10/Exiles Resources | -11 -10 -10 -10 ----------- Run | Yrd Mat Min Exi Matter Collected 334 | 200 87 47 . Remotely . | . . . . Salvage Created 764 | . 498 . 266 Parts 51 | . 37 . 14 Haulers Intercepted . | . . . . Recyclers Shooed 1 | . 1 . . Parts Field Recycled . | . . . . Retrieved Matter . | . . . . Parts Self-Destructed . | . . . . Prevented . | . . . . Kills | -11 -10 -10 -10 ------- Run | Yrd Mat Min Exi Combat Hostiles Destroyed 20 | . 13 . 7 Guns 18 | . 13 . 5 Cannons 2 | . . . 2 Classes Destroyed 6 | . 5 . 1 Worker 1 | . 1 . . Recycler 1 | . 1 . . Watcher 1 | . 1 . . Swarmer 6 | . 6 . . Grunt 11 | . 7 . 4 Programmer 3 | . . . 3 Best Kill Streak 7 | . 5 . 7 Combat Bots Only 7 | . 5 . 7 Max Kills in Single Turn 2 | . 2 . 1 Gunslinging 1 | . 1 . . Exploded . | . . . . Melee . | . . . . Uniques/NPCs Destroyed . | . . . . Combat | -11 -10 -10 -10 -------- Run | Yrd Mat Min Exi Hostile Shots Fired 124 | . 77 . 47 Missed 27 | . 20 . 7 Hits 97 | . 57 . 40 Projectile 97 | . 57 . 40 Critical Strikes 1 | . . . 1 Damage Taken 1222 | . 599 . 623 Core 263 | . 154 . 109 Absorbed by Shields . | . . . . Core Remaining (%) 100 | 100 . . . Volleys Fired 38 | . 33 . 5 Largest 2 | . 2 . 1 Hottest 120 | . 80 . 120 Shots Fired 89 | . 65 . 24 Gun 84 | . 65 . 19 Cannon 5 | . . . 5 Launcher . | . . . . Special . | . . . . Kinetic 32 | . 13 . 19 Thermal 38 | . 33 . 5 Explosive . | . . . . Electromagnetic 19 | . 19 . . Robot Hit Streak 15 | . 9 . 15 Robot Miss Streak 4 | . 4 . 1 Penetration Max . | . . . . Secondary Targets 2 | . 2 . . Max Gunslinging Chain 1 | . 1 . . Autonomous 19 | . . . 19 Shots Hit Robots 66 | . 46 . 20 Core Hits 33 | . 26 . 7 Critical Kills . | . . . . Critical Parts Destroyed 1 | . . . 1 Critical Strikes 1 | . . . 1 Destroy 1 | . . . 1 Melee Attacks . | . . . . Impact . | . . . . Slashing . | . . . . Piercing . | . . . . Sneak Attacks . | . . . . Combat Hostiles . | . . . . Follow-up Attacks . | . . . . Damage Inflicted 1347 | . 573 16 758 Guns 1106 | . 562 . 544 Cannons 214 | . . . 214 Explosions . | . . . . Melee . | . . . . Ramming 27 | . 11 16 . Kinetic 660 | . 116 . 544 Thermal 515 | . 301 . 214 Explosive . | . . . . Electromagnetic 145 | . 145 . . Impact . | . . . . Slashing . | . . . . Piercing . | . . . . Highest Corruption 3 | . . . 3 Average Corruption 1 | . . . 1 Corruption Purged . | . . . . Corruption Blocked . | . . . . Effects 1 | . . . 1 Heat Flow Errors 1 | . . . 1 Overload Shots . | . . . . Overflow Damage 32 | . . . 32 Projectiles 32 | . . . 32 Explosions . | . . . . Melee . | . . . . Knockbacks 1 | . . 1 . Impact 1 | . . 1 . Kinetic . | . . . . Secondary . | . . . . Self-Inflicted Damage . | . . . . Shots . | . . . . Rammed . | . . . . Targets Rammed 4 | . 2 2 . Kicked 4 | . 2 2 . Crushed . | . . . . Highest Temperature 655 | . 345 . 655 Average Temperature 140 | . 69 . 366 Received Heat Transfer 207 | . 207 . . Effects 7 | . . . 7 Shutdowns 1 | . . . 1 Energy Bleed 1 | . . . 1 Matter Decay 2 | . . . 2 Short Circuit 2 | . . . 2 Damage (major) 1 | . . . 1 Siege Activations . | . . . . Martial Activations . | . . . . Shielding Activations . | . . . . Robots Disrupted . | . . . . Combat Hostiles . | . . . . Robots Corrupted . | . . . . Combat Hostiles . | . . . . Parts Fried . | . . . . Impact Corruptions . | . . . . Robots Melted . | . . . . Combat Hostiles . | . . . . Parts Melted 5 | . 2 . 3 Heat Transferred 1100 | . 700 . 400 Parts Sabotaged . | . . . . Parts Stolen . | . . . . Parts Stripped . | . . . . Power Chain Reactions . | . . . . Alert | -11 -10 -10 -10 ------- Run | Yrd Mat Min Exi Maximum Alert Level . | . . . . Low Security (%) 100 | . 100 100 . Level 1 . | . . . . Level 2 . | . . . . Level 3 . | . . . . Level 4 . | . . . . Level 5 . | . . . . High Security . | . . . . Max Security . | . . . . Peak Influence 161 | . 161 19 . Initial 19 | . . 19 . Average 27 | . 56 . . Influence Increases 474 | . 334 . 140 Destroy 0b10 Robot/C 400 | . 260 . 140 Destroy 0b10 Robot/NC 15 | . 15 . . Destroy Leader 52 | . 52 . . Successful Hack 7 | . 7 . . Influence Decreases 376 | . 283 51 42 Entered New Map 32 | . . 32 . Time Decay 294 | . 263 19 12 Lost Part 50 | . 20 . 30 Squads Dispatched 2 | . 2 . . Investigation 2 | . 2 . . Extermination . | . . . . Reinforcement . | . . . . Assault . | . . . . Garrison . | . . . . Intercept . | . . . . Searches Triggered . | . . . . Construction Impeded . | . . . . Haulers Reinforced . | . . . . Active Scanning Responses . | . . . . Cargo Convoy Interrupts . | . . . . Stealth | -11 -10 -10 -10 --------- Run | Yrd Mat Min Exi Distress Signals 4 | . 4 . . Communications Jammed . | . . . . Distress Signals . | . . . . Times Spotted 32 | . 24 . 8 Peak Tracking Total 7 | . 7 . 3 Tactical Retreats . | . . . . Traps | -11 -10 -10 -10 ------- Run | Yrd Mat Min Exi Traps Triggered 2 | . 2 . . Indirectly . | . . . . Trap Hack Attempts . | . . . . Triggered . | . . . . Disarmed . | . . . . Reprogrammed . | . . . . Reused . | . . . . Traps Extracted . | . . . . Installed . | . . . . Triggered . | . . . . Machines | -11 -10 -10 -10 ---------- Run | Yrd Mat Min Exi Machines Disabled 1 | . . . 1 Max in Single Turn 1 | . . . 1 Machines Repaired . | . . . . Machines Dismantled . | . . . . Machines Sabotaged . | . . . . Overloaded Fab Kills . | . . . . Hacking | -11 -10 -10 -10 --------- Run | Yrd Mat Min Exi Machines Accessed 6 | . 4 . 2 Terminals 4 | . 4 . . Fabricators . | . . . . Repair Stations . | . . . . Recycling Units . | . . . . Scanalyzers . | . . . . Garrison Access . | . . . . Total Hacks 18 | . 10 . 8 Successful 13 | . 5 . 8 Failed 5 | . 5 . . Catastrophic . | . . . . Database Lockouts . | . . . . Manual 3 | . 2 . 1 Terminals 10 | . 10 . . Fabricators . | . . . . Repair Stations . | . . . . Recycling Units . | . . . . Scanalyzers . | . . . . Garrison Access . | . . . . Terminal Hacks 13 | . 5 . 8 Record 7 | . . . 7 Branch Access Points 1 | . 1 . . Emergency Access Points 2 | . 2 . . Dispatch Records 1 | . 1 . . Zone Layout 1 | . 1 . . Proto ID Catalog 1 | . . . 1 Fabricator Hacks . | . . . . Repair Station Hacks . | . . . . Recycling Unit Hacks . | . . . . Scanalyzer . | . . . . Garrison Access Hacks . | . . . . Unauthorized Hacks . | . . . . Terminals . | . . . . Fabricators . | . . . . Repair Stations . | . . . . Recycling Units . | . . . . Scanalyzers . | . . . . Garrison Access . | . . . . Data Cores Recovered . | . . . . Used . | . . . . Hacking Detections 3 | . 3 . . Full Trace Events . | . . . . Feedback Events . | . . . . Feedback Blocked . | . . . . Robot Schematics Acquired . | . . . . Robots Built . | . . . . Authchips . | . . . . Time . | . . . . Total Robot Build Rating . | . . . . Part Schematics Acquired . | . . . . Parts Built . | . . . . Authchips . | . . . . Time . | . . . . Total Part Build Rating . | . . . . Parts Repaired . | . . . . Time . | . . . . Parts Recycled . | . . . . Recycled Matter . | . . . . Retrieved Matter . | . . . . Retrieved Components . | . . . . Parts Scanalyzed . | . . . . Part Schematics Acquired . | . . . . Parts Damaged . | . . . . Bothacking | -11 -10 -10 -10 ------------ Run | Yrd Mat Min Exi Used RIF Installer . | . . . . Robots Hacked . | . . . . Non-combat . | . . . . Combat . | . . . . Robot Hacks Applied . | . . . . Relay Couplers Released . | . . . . Fabnet Peak Effective % . | . . . . Robots Rewired . | . . . . Allies Hacked . | . . . . Hacks Repelled . | . . . . Allies | -11 -10 -10 -10 -------- Run | Yrd Mat Min Exi Total Allies . | . . . . Largest Group . | . . . . Highest-Rated Group . | . . . . Highest-Rated Ally . | . . . . Total Orders . | . . . . Ally Attacks . | . . . . Total Damage . | . . . . Kills . | . . . . Allies Corrupted . | . . . . Allies Melted . | . . . . Intel | -11 -10 -10 -10 ------- Run | Yrd Mat Min Exi Active Infowar (turns) . | . . . . Robot Analysis Total . | . . . . Derelict Logs Recovered 1 | . . 1 . Drone Launches . | . . . . Drone Recoveries . | . . . . Exploration | -11 -10 -10 -10 ------------- Run | Yrd Mat Min Exi Turns Passed 3051 | . 1059 1138 854 Spaces Moved 733 | 1 246 283 203 Core . | . . . . Treads . | . . . . Legs 733 | 1 246 283 203 Wheels . | . . . . Hover . | . . . . Flight . | . . . . Fastest Speed 120 | 120 120 400 400 Average Speed 391 | 120 371 400 403 Slowest Speed 750 | 120 400 400 750 Overloaded Moves . | . . . . Propulsion Burnouts . | . . . . Robots Hopped . | . . . . Potential Cave-ins . | . . . . Cave-ins Triggered . | . . . . Exploration Rate (%) 37 | 2 50 57 40 Regions Visited 3 Branch Regions 2 Pre-discovered Areas . | . . . . Known Exits Taken 2 | . 1 1 . Unknown Exits Taken 1 | 1 . . . Scrap Searched 1 | . . 1 . Spaces Dug . | . . . . Terrain Destroyed 3 | . . . 3 Melee . | . . . . Projectile 3 | . . . 3 AOE . | . . . . Terrain Rammed . | . . . . Walls Destroyed . | . . . . Machines Disabled . | . . . . Actions | -11 -10 -10 -10 --------- Run | Yrd Mat Min Exi Total 842 | . 322 286 234 Wait 28 | . 12 . 16 Move 730 | . 245 282 203 Hop . | . . . . Pick Up 18 | . 14 2 2 Fast Attach 5 | . 4 . 1 Attach 6 | . 2 . 4 Detach 1 | . . . 1 Swap 4 | . 4 . . Drop 8 | . 6 . 2 Fire 38 | . 33 . 5 Melee . | . . . . Ram . | . . . . Kick 4 | . 2 2 . Crush . | . . . . Escape Stasis . | . . . . Rewire . | . . . . Trap . | . . . . Miscellaneous . | . . . . Route ------- -11/Scrapyard -10/Materials (discovered 3 exits: [*Mat x2] / *Min) -10/Mines (discovered 3 exits: [*Mat] / *Exi / [*Sub]) -10/Exiles History --------- Turn | Location | Event 1 | -11/Scrapyard | Discovered new exit (range 0) 1 | -11/Scrapyard | Entered Materials 301 | -10/Materials | Build established: Mutant 336 | -10/Materials | Identified exit to Mines 662 | -10/Materials | Discovered new exit (range 17) 711 | -10/Materials | Core integrity fell below 50% 890 | -10/Materials | Discovered new exit (range 10) 1060 | -10/Materials | Entered Mines 1117 | -10/Mines | Met a Derelict bent on vengeance 1312 | -10/Mines | Discovered new exit (range 10) 1866 | -10/Mines | Identified exit to Exiles 2178 | -10/Mines | Discovered new exit (range 8) 2182 | -10/Mines | Deemed a non-threat by the Exiles lab entrance 2198 | -10/Mines | Entered Exiles 2294 | -10/Exiles | Met 8R-AWN 2370 | -10/Exiles | Met EX-HEX 2482 | -10/Exiles | Met EX-BIN 2582 | -10/Exiles | Aligned with FarCom system 2586 | -10/Exiles | Given EX-Vault access code 2690 | -10/Exiles | Opened EX-Vault 2803 | -10/Exiles | Found Gui. Plasma Cannon 2825 | -10/Exiles | Found AWS/Gauss 2850 | -10/Exiles | Found Supersonic Drone Bay 2856 | -10/Exiles | Exiles lab attacked by MAIN.C 3034 | -10/Exiles | Core integrity fell below 20% 3052 | -10/Exiles | Destroyed by H-55 Commando with Gauss Rifle Last Messages --------------- 03033_ Penetrated by Slug. 03033_ Slug penetrates G-34 Mercenary. 03034_ Destroyed Ion Engine. 03036_ G-34 Mercenary destroyed. 03037_ Penetrated by Slug. 03040_ Broken Aluminum Leg destroyed. 03042_ Slug penetrates P-60 Hacker. 03042_ P-60 Hacker destroyed. 03043_ Penetrated by Slug. 03046_ Slug penetrates Wall. 03046_ Slug penetrates P-60 Hacker. 03046_ Slug penetrates Machine. 03046_ Machine disabled. 03047_ Slug penetrates P-60 Hacker. 03048_ Destroyed Shock Rifle. 03049_ Penetrated by Slug. 03049_ Aluminum Leg destroyed. 03049_ Penetrated by Slug. 03049_ Slug penetrates Wall. 03052_ Penetrated by Slug. Map ----- +----------------------------------------------------+ | ??????????????####??# ##""""""#??????????????? | | ?????????????""""""?# #########??????????????? | | ?????????????"""" ## #??????????????????????? | | ????????????#""X" #??????????????????????? | | ????????????#" #??????????????????????? | | ????????????#" ## #??????????????????????? | | ????????????#""""""?# #?#########????????????? | | ????????????##"###??# #?#"""""""#????????????? | | ????????????????????# #?#"""""""#????????????? | | ????????????????????# #?#"""""""#????????????? | | ???????????????????## ###"" """"#????????????? | | ???????????????????#" """"#????????????? | | ???????????????????#" """#????????????? | | ???????????????????#" """#????????????? | | ???????????????????#" """#????????????? | | ???????????????????#" """#????????????? | | ???????????????????#" """## ??????????? | | ???????????????????## """"""??????????? | | ????????????????????# """######???????? | | ????????????????????#" "X" """"" #???????? | | ????????????????????#" """ # "??????????? | | ????????????????????#" """""""""#????????????? | | ???????????????????##" ###########????????????? | | ??????????????????##"" #??????????????????????? | | ?????????????????##"" ##?????????????????????? | | ????????????????""""" @;#?????????????????????? | | ??????????????"" " "" ;#???###########??????? | | ??????????????"" " ;####"""""""""##?????? | | ????????????? " " """ """"##????? | | ??????????? "" " #????? | | ??????????? " """#????? | | ??????????? " "#????? | | ???????????? " "##???? | | ???????????? ""###?? | | ???????????? """""" % """#?? | | ????????????? ######""" [=%* "#?? | | ????????????? ""#?????#####"""p!% !%[ ##? | | ??????????????????????????##""" *|!= ## | | ???????????????????????????#""" [%=% # | | ???????????????????????????#"" *% | | ???????????????????????????"""" | | ???????????????????????????? | | ???????????????????????????? | | ??????????????????????????? | | ??????????????????????????? # | | ??????????????????????????? " ## | | ???????????????????????????? """ ""#? | | ????????????????????????????? " " ""#" "##? | | ???????????????????????????????"" "??##"""""""##?? | | ??????????????????????????????????????#########??? | +----------------------------------------------------+ Best States ------------- Heat Dissipation 25 Energy Generation 14 Energy Capacity 280 Matter Stores 300 Matter Capacity 300 Sight Range 16 Terrain Scan Density 10 Evasion (%) 55 Targeting Accuracy 5 Item Schematics ----------------- None Robot Schematics ------------------ None Fabricated ------------ Nothing Repaired ---------- Nothing Alien Tech Used ----------------- None Achievements -------------- None Challenges ------------ None Game ------ Seed ShrapnelIntegratedRedirector Manual? 0 Play Time 00:12:28 Cumulative 416.8 hours Start 2025.07.26 @ 23:34:45 End 2025.07.26 @ 23:43:55 Sessions 1 Manual Loads 0 Difficulty Rogue Special Mode None Game No. 232 Rogue 232 Adventurer 0 Explorer 0 Win Type - Total 11 Types 10/0/1/0/0/0/0/0/0/0 Lore% 43 Gallery% 64 Achievement% 53 Wizard Run 0 Options --------- Layout 1 ASCII 0 Keyboard 0 Movement Numpad Keybinds 0 Fullscreen 1 Font 24/Smallcaps Map View 50x35 Zoom Use 0% Tactical HUD 1 Map Filters NONE Filters NONE Steam 1 RUN: eaa1da76-d9f0-4b11-b87d-8abcd15eae84